 Dungeon Crawl Stone Soup version 0.31.0-32-g396128a36d (webtiles) character file.

Game seed: 4811375128182393857

21 Peloso the Shield-Bearer (level 2, -4/27 HPs)
             Began as a Minotaur Fighter on Mar 23, 2024.
             Killed by an exploding frilled lizard (31 damage)
             ... ignited by their inner flame
             ... on level 1 of the Dungeon.
             The game lasted 00:00:50 (513 turns).

Peloso the Shield-Bearer (Minotaur Fighter)          Turns: 513, Time: 00:00:50

Health: -4/27      AC:  7    Str: 20    XL:     2   Next: 62%
Magic:  1/1        EV:  9    Int:  5    God:
Gold:   28         SH:  4    Dex:  9    Spells: 1/1 levels left

rFire   . . .        a - +0 long sword
rCold   . . .        c - +0 buckler
rNeg    . . .        b - +0 scale mail
rPois   .            (helmet restricted)
rElec   .            (no cloak)
rCorr   .            (no gloves)
SInv    .            (no boots)
Will    .....        (no amulet) Stlth
                     (no ring)
HPRegen 0.24/turn    (no ring)
MPRegen 0.07/turn

%: no passive effects
@: no status effects
A: horns 2, retaliatory headbutt
a: no special abilities


You were on level 1 of the Dungeon.
You visited 1 branch of the dungeon, and saw 1 of its levels.

You collected 28 gold pieces.

Inventory:

Hand Weapons
 a - a +0 long sword (weapon)
Armour
 b - a +0 scale mail (worn)
 c - a +0 buckler (worn)
Scrolls
 f - a scroll of noise {unknown}
 g - a scroll of blinking
Potions
 d - a potion of might
 h - a potion of enlightenment {unknown}


   Skills:
 + Level 3.8 Fighting
 + Level 2.9 Long Blades
 + Level 3.8 Armour
 + Level 4.2 Shields


You had one spell level left.
You didn't know any spells.
Your spell library was empty.

Dungeon Overview and Level Annotations

Branches:
Dungeon (1/15)

Altars:


Innate Abilities, Weirdness & Mutations

You have a pair of horns on your head.
You reflexively headbutt those who attack you in melee.


Message History

Found a ring mail.
e - a scroll labelled QUUBRO KAOX
f - a scroll labelled XAITRU RAISTAI You now have 11 gold pieces.
You now have 28 gold pieces (gained 17).
You see here a +0 hand axe.
There is an open door here.
There is an open door here.
You see here a +0 ring mail.
h - a brown potion You see here a +0 mace.
You see here a +0 club.
You open the door.
A rat comes into view.
Found 10 gold pieces.
A rat is nearby!
A rat is nearby!
There is an open door here.
You barely miss the rat. You headbutt the rat.
You kill the rat!
You see here a rat corpse.
A bat and a frilled lizard come into view.
Found 16 gold pieces.
The frilled lizard hisses angrily.
As you read the scroll labelled QUUBRO KAOX, it crumbles to dust.
The creatures around you are filled with an inner flame!
It was a scroll of immolation.
The bat attacks as it pursues you! The bat hits you but does no damage.
The bat barely misses you.
You see here a rat corpse.
There is an open door here.
The bat closely misses you. You furiously retaliate!
You headbutt the bat.
Flame seeps out of the bat.
The bat is engulfed in blazing flames.
The bat explodes!
You closely miss the frilled lizard. You headbutt the frilled lizard.
The frilled lizard explodes!
The fiery explosion engulfs you!!
Ouch! That really hurt!
You die...

### $.............# ..##
.......$....# #..######
#.........# #.....#.###
#.........# ..........#
#..†......#
#..#....#.######'#######
#..##.#.#....###.#
#.....#.####..##.# #.#####.#
##..§@############## #. ..#
####.............># ##
################.#.####.# ##
#.<..# #.#.# #.# .## #....# #.#.#
#.# # ..# #.88.# #### #.#.# #.# #
#'##.♣♣♣♣#....#♣♣..###.#.####.# #
...##....#''#+#♣....##.#....#.###
....####.........)#..#.####.#..).


There were no monsters in sight!

Vanquished Creatures
  A dart slug (D:1)
  2 ball pythons (D:1)
  2 bats (D:1)
  A giant cockroach (D:1)
  2 goblins (D:1)
  3 hobgoblins (D:1)
  2 kobolds (D:1)
  A quokka (D:1)
  2 frilled lizards (D:1)
  2 rats (D:1)
18 creatures vanquished.

Notes
Turn   | Place    | Note
-------+----------+-------------------------------------------
     0 | D:1      | Peloso the Minotaur Fighter began the quest for the Orb.
     0 | D:1      | Reached XP level 1. HP: 19/19 MP: 0/0
   132 | D:1      | Reached XP level 2. HP: 27/27 MP: 1/1
   170 | D:1      | Reached skill level 4 in Shields
   513 | D:1      | Killed by an exploding frilled lizard... ignited by their
                  | inner flame

Illustrated notes

Levels and vault maps discovered:
D:1:      sevenhm_arrival_forest_fort_small_6, layout_basic

Skill      XL: |  1  2 |
---------------+-------+-----
Shields        | 4 |  4.2
Fighting       | |  3.8
Long Blades    | |  2.9
Armour         | |  3.8

Action                     || total
---------------------------++-------
  Melee: Long sword        ||    36
         Headbutt          ||     7
    Use: Scroll            ||     3
 Armour: Scale mail        ||    32
  Dodge: Dodged            ||    21
  Block: Buckler           ||    13
